 Dungeon Crawl Stone Soup version 0.30-a0-782-ge64f9170bb (webtiles) character file.

Game seed: 4898458435206584567

5282 KleinerIrrer the Thaumaturge (level 10, -3/77 HPs)
             Began as a Djinni Venom Mage on Feb 22, 2023.
             Was a Follower of Makhleb.
             Slain by a wolf (6 damage)
             ... on level 1 of the Lair of Beasts.
             The game lasted 00:23:27 (7871 turns).

KleinerIrrer the Thaumaturge (Djinni Venom Mage)    Turns: 7871, Time: 00:23:28

Health: -3/77      AC:  7    Str:  7    XL:     10   Next: 94%
Gold:   587        EV: 12    Int: 22    God:    Makhleb [*.....] SH:  0 Dex: 19

rFire   + + .      SeeInvis .    O - staff of poison
rCold   x . .      Faith    .    (no shield)
rNeg    . . .      Spirit   .    j - +0 leather armour
rPois   ∞          Reflect  .    o - +2 helmet
rElec   .          Harm     .    (no cloak)
rCorr   .          Rampage  .    G - +0 pair of gloves
Will    +....                    (boots unavailable)
Stlth   ++                       F - amulet of regeneration
HPRegen 1.12/turn                D - +6 ring of dexterity
MPRegen 0.00/turn                (no ring)

@: about to teleport, animating dead, flying
A: sickness immunity, fire resistance 2, cold vulnerability 1, float, innate
caster, HP casting, extra vitality 1
a: Renounce Religion


You were on level 1 of the Lair of Beasts.
You worshipped Makhleb.
Makhleb was aware of your devotion.
You visited 2 branches of the dungeon, and saw 9 of its levels.

You collected 587 gold pieces.

Inventory:

Hand Weapons
 b - a +0 spectral dagger
 B - a +1 short sword of electrocution
Missiles
 u - a throwing net
Armour
 j - a +0 leather armour (worn)
 o - a +2 helmet (worn)
 G - a +0 pair of gloves (worn)
 L - +0 swamp dragon scales
Magical Staves
 O - a staff of poison (weapon)
Jewellery
 D - a +6 ring of dexterity (left hand)
 F - an amulet of regeneration (around neck)
 I - a ring of protection from fire
Wands
 n - a wand of polymorph (7)
 r - a wand of flame (44)
 w - a wand of roots (12)
 N - a wand of acid (5)
Scrolls
 a - 3 scrolls of noise {unknown}
 c - 2 scrolls of amnesia
 d - 2 scrolls of blinking {unknown}
 f - 2 scrolls of brand weapon
 h - a scroll of teleportation
 i - 2 scrolls of enchant weapon {unknown}
 k - 4 scrolls of immolation
 q - 4 scrolls of fog {unknown}
 s - 2 scrolls of poison {unknown}
 v - a scroll of enchant armour {unknown}
 y - 2 scrolls of identify
 A - 2 scrolls of magic mapping {unknown}
 C - a scroll of silence {unknown}
 M - 4 scrolls of acquirement {unknown}
Potions
 e - a potion of degeneration
 g - a potion of attraction {unknown}
 l - a potion of experience {unknown}
 m - a potion of mutation
 p - 5 potions of curing
 t - a potion of magic {unknown}
 x - a potion of flight {unknown}
 z - a potion of cancellation {unknown}
 E - a potion of ambrosia {unknown}
 H - 2 potions of haste {unknown}
 J - 2 potions of resistance {unknown}
 K - 2 potions of brilliance {unknown}


   Skills:
 + Level 8.9 Fighting
 - Level 2.1 Dodging
 - Level 1.5 Stealth
 * Level 10.1 Spellcasting


You had 9 spell levels left.
You knew the following spells:

 Your Spells              Type           Power      Damage    Failure   Level
a - Sting                 Tmut/Pois      100%       1d8       1%          1
b - Poisonous Vapours     Pois/Air       100%       N/A       1%          2
c - Mephitic Cloud        Conj/Pois/Air  70%        N/A       1%          3
d - Olgreb's Toxic Radia  Pois           70%        N/A       1%          4
e - Beastly Appendage     Tmut           100%       N/A       1%          1
f - Blink                 Tloc           100%       N/A       1%          2
g - Call Canine Familiar  Summ           54%        N/A       1%          3
h - Animate Dead          Necr           54%        N/A       1%          4
Your spell library was empty.

Dungeon Overview and Level Annotations

Branches:
Dungeon (8/15)             Temple (0/1) D:7            Lair (1/5) D:8

Altars:
Cheibriados
Elyvilon
Hepliaklqana
Makhleb
Nemelex Xobeh
Okawaru
Qazlal
Trog
Uskayaw
Yredelemnul


Innate Abilities, Weirdness & Mutations

You are immune to sickness and miasma.
You are immune to poison.
Your flesh is very heat resistant. (rF++)
You are vulnerable to cold. (rC-)
You float through the air rather than walking.
You learn spells naturally, not from books.
Your magical power is your life essence.
You have superior vitality. (+4 MHP)


Message History

You hit the wolf but do no damage.
The wolf is heavily wounded.
The wolf closely misses you. The wolf bites you. The wolf barely misses you.
The wolf closely misses you. The wolf bites you. x2
Casting: Olgreb's Toxic Radiance (dangerous; 1% risk of failure)
Confirm with . or Enter, or press ? or * to list all spells.
Aiming: Sting (safe; 1% risk of failure)
Press: ? - help, Shift-Dir - straight line, f/p - wolf
Aim: a wolf (heavily wounded, very poisoned, 63% to hit)
You feel a surge of power!
The sting hits the wolf but does no damage.
The wolf looks even sicker.
The wolf is heavily wounded.
The wolf barely misses you. The wolf misses you. The wolf barely misses you.
The wolf bites you but does no damage.
You hit the wolf but do no damage.
The wolf is severely wounded.
The wolf bites you. The wolf barely misses you. The wolf bites you.
The wolf bites you but does no damage. The wolf barely misses you.
The wolf misses you. The wolf bites you but does no damage.
You miss the wolf.
The wolf is severely wounded.
The wolf bites you. The wolf bites you but does no damage. The wolf bites you!
The wolf bites you. x2
* * * LOW HITPOINT WARNING * * *
The wolf barely misses you. The wolf misses you. The wolf closely misses you.
The wolf bites you!
* * * LOW HITPOINT WARNING * * *
As you read the scroll of teleportation, it crumbles to dust.
You feel strangely unstable. The wolf completely misses you.
The wolf bites you.
* * * LOW HITPOINT WARNING * * *
The wolf stops to sniff the ground.
The wolf bites you!
* * * LOW HITPOINT WARNING * * *
The wolf bites you but does no damage. The wolf bites you.
* * * LOW HITPOINT WARNING * * *
The wolf barely misses you. The wolf closely misses you. The wolf bites you.
You die...

..........## #..........#
..## ..........## ...#
#.........### ### ...#
##.......###P####.###...##
.(........................
†.........................
..)............$.h........
................@h........
#.........##P#.#hh......#.
##.......########........#
#.......# #....#..##.#
#.......# #.....#..# .
#.......# ##....##..#
#.......# #..#... h##
##.....## .......## #
#...... #.###...#


You could see 4 wolves.

Vanquished Creatures
  A komodo dragon (Lair:1)
  2 wyverns
  7 yaks
  2 vampire mosquitoes (D:7)
  An acid dragon (D:8)
  A water moccasin (D:8)
  An orc warrior (D:8)
  2 ogres
  A phantom (D:5)
  A bullfrog (D:6)
  5 scorpions
  5 killer bees (D:7)
  3 howler monkeys
  3 orc priests
  2 jellies
  Jessica (D:2)
  2 iguanas
  An orc wizard (D:5)
  Robin (D:3)
  5 gnolls
  9 adders
  4 white imps
  2 ufetubi
  2 worms
  2 dart slugs
  13 orcs
  10 endoplasms
  12 hobgoblins
  15 jackals
  3 quokkas
  12 ball pythons
  5 bats
  4 frilled lizards
  10 goblins
  7 kobolds
  2 rats
159 creatures vanquished.

Vanquished Creatures (collateral kills)
  Maggie (D:8)
  A komodo dragon (D:8)
  3 yaks (Lair:1)
  A basilisk (Lair:1)
  A water moccasin (Lair:1)
  A sky beast (D:6)
  An ogre (D:5)
  A bullfrog (D:8)
  A necrophage (D:6)
  A jelly (D:8)
  3 iron imps (D:6)
  2 iguanas
  3 gnolls (D:5)
  3 orcs
23 creatures vanquished.

Vanquished Creatures (others)
  2 orc zombies (D:8)
  A fungus (Lair:1)
  10 plants
13 creatures vanquished.

Grand Total: 195 creatures vanquished

Notes
Turn   | Place    | Note
-------+----------+-------------------------------------------
     0 | D:1      | KleinerIrrer the Djinni Venom Mage began the quest for the
                  | Orb.
     0 | D:1      | KleinerIrrer set off with the following spells memorised:
                  | Sting, Poisonous Vapours, Mephitic Cloud, Olgreb's Toxic
                  | Radiance.
     0 | D:1      | Reached XP level 1. HP: 15/15 MP: 0/0
   125 | D:1      | Reached XP level 2. HP: 13/22 MP: 0/0
   238 | D:1      | Reached skill level 1 in Fighting
   460 | D:1      | Reached XP level 3. HP: 24/27 MP: 0/0
   460 | D:1      | Learned a level 1 spell: Beastly Appendage
   473 | D:1      | Reached skill level 3 in Spellcasting
  1002 | D:1      | Found a faded altar of an unknown god.
  1461 | D:2      | Reached XP level 4. HP: 21/33 MP: 0/0
  2167 | D:3      | Noticed Jessica
  2173 | D:2      | Killed Jessica
  2174 | D:2      | Reached XP level 5. HP: 8/38 MP: 0/0
  2174 | D:2      | Learned a level 2 spell: Blink
  2893 | D:3      | Noticed Robin
  2908 | D:3      | Killed Robin
  2909 | D:3      | Reached skill level 4 in Spellcasting
  3235 | D:4      | Reached XP level 6. HP: 30/45 MP: 0/0
  3623 | D:4      | Found a bloodstained altar of Trog.
  3882 | D:4      | Reached XP level 7. HP: 42/50 MP: 0/0
  3882 | D:4      | Learned a level 3 spell: Call Canine Familiar
  3909 | D:4      | Found a white marble altar of Elyvilon.
  3942 | D:4      | Found a sparkling altar of Nemelex Xobeh.
  3960 | D:4      | Reached skill level 5 in Spellcasting
  4195 | D:5      | Entered Level 5 of the Dungeon
  4675 | D:5      | Reached XP level 8. HP: 47/58 MP: 0/0
  4857 | D:5      | Reached skill level 6 in Spellcasting
  5328 | D:6      | Reached skill level 5 in Fighting
  5565 | D:6      | Found an iron altar of Okawaru.
  5991 | D:6      | Found a burning altar of Makhleb.
  6022 | D:6      | Became a worshipper of Makhleb the Destroyer
  6105 | D:6      | Reached skill level 7 in Spellcasting
  6105 | D:6      | Reached XP level 9. HP: 16/66 MP: 0/0
  6105 | D:6      | Learned a level 4 spell: Animate Dead
  6282 | D:6      | Found a hazy altar of Hepliaklqana.
  6416 | D:7      | Found a stormy altar of Qazlal.
  6706 | D:7      | Found a staircase to the Ecumenical Temple.
  6773 | D:7      | Reached skill level 8 in Spellcasting
  6929 | D:7      | Found a snail-covered altar of Cheibriados.
  7052 | D:8      | Noticed Maggie
  7067 | D:8      | Killed Maggie
  7068 | D:8      | Reached XP level 10. HP: 58/75 MP: 0/0
  7075 | D:8      | Found a hide-covered altar of Uskayaw.
  7272 | D:8      | Reached skill level 9 in Spellcasting
  7467 | D:8      | Found a basalt altar of Yredelemnul.
  7509 | D:8      | Reached * piety under Makhleb
  7577 | D:8      | Found a staircase to the Lair.
  7578 | D:8      | Noticed a komodo dragon
  7593 | D:8      | Killed a komodo dragon
  7600 | Lair:1   | Entered Level 1 of the Lair of Beasts
  7663 | Lair:1   | Noticed a cane toad
  7675 | Lair:1   | Noticed a komodo dragon
  7802 | Lair:1   | Noticed a komodo dragon
  7815 | Lair:1   | Killed a komodo dragon
  7816 | Lair:1   | Reached skill level 10 in Spellcasting
  7870 | Lair:1   | HP: 3/77 [wolf (8)]
  7871 | Lair:1   | Slain by a wolf

Illustrated notes

Levels and vault maps discovered:
D:1:      kilobyte_arrival_exit_the_forest, layout_loops_ring,
          nicolae_ecumenical_lake_church
D:2:      layout_loops_ring, wad_floor_pattern_untrapped
D:3:      layout_loops_ring, uniq_robin, uniq_jessica
D:4:      layout_basic, mainiacjoe_overflow_24_doors,
          lemuel_coloured_pillars_altar, mainiacjoe_overflow_brackets,
          kennysheep_generic_room_9
D:5:      layout_loops_ring, hangedman_abyss_or_decor_stagger,
          minmay_misc_feat_rugged
D:6:      layout_basic, demons_altar, nicolae_hepliaklqana_hippocampus,
          mainiacjoe_overflow_concentric_impassable, sigmund_army
D:7:      layout_loops_cross, mainiacjoe_overflow_surrounded_room,
          grunt_qazlal_clouds, minmay_temple_entry_statues_fountains,
          feat_on_display
D:8:      layout_loops_cross, nicolae_uskayaw_murder_on_the_dancefloor,
          yredelemnul_altar_generic, david_lair_shrubbed, uniq_maggie
Lair:1:   layout_hall_layers, beast_lair_carwin_10, lemuel_fruit_fields

Skill      XL: |  1  2  3  4  5  6  7  8  9 10 |
---------------+-------------------------------+-----
Fighting       | 1 2 3 4 5 7 8 |  8.9
Spellcasting   | 3 4 5 7 8 10 | 10.1
Dodging        | |  2.1
Stealth        | |  1.5

Action                     |  1- 3 |  4- 6 |  7- 9 | 10-12 || total
---------------------------+-------+-------+-------+-------++-------
  Melee: Unarmed           |     4 |       |       |       ||     4
         Dagger            |    20 |    52 |    19 |       ||    91
         Short sword       |       |       |    61 |    12 ||    73
         Staff             |       |       |       |    11 ||    11
   Cast: Sting             |    61 |    87 |    98 |    38 ||   284
         Poisonous Vapours |     6 |    21 |    22 |     4 ||    53
         Mephitic Cloud    |       |     8 |     4 |     3 ||    15
         Call Canine Famil |       |       |    17 |     5 ||    22
         Olgreb's Toxic Ra |       |       |     6 |     5 ||    11
         Blink             |       |       |     2 |       ||     2
         Animate Dead      |       |       |     1 |     6 ||     7
    Use: Potion            |       |     1 |     3 |     1 ||     5
         Scroll            |       |     8 |     2 |     2 ||    12
   Stab: Confused          |       |     1 |     1 |       ||     2
         Distracted        |       |       |     2 |       ||     2
         Invisible         |       |       |     3 |       ||     3
 Armour: Robe              |    11 |    22 |     7 |       ||    40
         Leather armour    |       |       |    29 |    21 ||    50
  Dodge: Dodged            |    41 |    59 |   105 |    62 ||   267

Table legend: (Time is in decaauts)
 A = Elapsed time spent in this place.
 B = Non-inter-level travel time spent in this place.
 C = Inter-level travel time spent in this place.
 D = Time resting spent in this place.
 E = Time spent auto-exploring this place.
 F = Levels seen in this place.
 G = Mean time per level.
                   A        B        C        D        E       F      G
               +--------+--------+--------+--------+--------+-----+--------+
         Total |   7871 |   7505 |    366 |    511 |   5555 |   9 |  874.6 |
       Dungeon |   7597 |   7315 |    282 |    460 |   5537 |   8 |  949.6 |
          Lair |    273 |    189 |     84 |     51 |     18 |   1 |  273.0 |
               +--------+--------+--------+--------+--------+-----+--------+

Top non-repeatable levels by time:
     D:1: 1266 daAuts
     D:5: 1129 daAuts
     D:2: 1034 daAuts
     D:4: 1000 daAuts
     D:6: 986 daAuts
     D:3: 892 daAuts
     D:7: 692 daAuts
     D:8: 595 daAuts
  Lair:1: 273 daAuts
